 Dungeon Crawl Stone Soup version 0.26.1-2-gb8aa6d0cf2 (webtiles) character file.

Game seed: 1439154339526910670

619 Marvel the Ducker (level 7, -2/100 HPs)
             Began as a Troll Berserker on Mar 5, 2021.
             Was a Priest of Trog.
             Slain by an orc priest
             ... wielding a +2 vorpal mace
              (4 damage)
             ... on level 5 of the Dungeon.
             The game lasted 00:06:42 (3215 turns).

Marvel the Ducker (Troll Berserker)                 Turns: 3215, Time: 00:06:43

Health: -2/100     AC: 23    Str: 27    XL:     7   Next: 21%
Magic:  6/6        EV:  1    Int:  4    God:    Trog [***...]
Gold:   218        SH:  0    Dex:  9    Spells: 6/6 levels left

rFire    x . .     SeeInvis .   j - +4 spear (flame)
rCold    + . .     Faith    .   (no shield)
rNeg     + + +     Spirit   .   (armour currently unavailable)
rPois    +         Reflect  .   (helmet currently unavailable)
rElec    +         Harm     .   (cloak currently unavailable)
rCorr    .         Rampage  .   (gloves unavailable)
Will     ++...     NoTele   +   (boots unavailable)
Stlth    +.........             (no amulet)
HPRegen  1.66/turn              y - ring of Onebusamn {Ice rElec}
MPRegen  0.10/turn              (no ring)

@: mighty, lethally poisoned (-2 -> -2), tree-form, regenerating
A: large, unfitting armour, regeneration 1
a: Renounce Religion, Berserk, Trog's Hand


You were on level 5 of the Dungeon.
You worshipped Trog.
Trog was most pleased with you.
You were a tree.
You visited 1 branch of the dungeon, and saw 5 of its levels.

You collected 218 gold pieces.

Inventory:

Hand Weapons
 a - a +0 mace
 j - a +4 spear of flaming (weapon)
Missiles
 r - 2 curare-tipped darts
Armour
 b - a +1 animal skin (melded)
Jewellery
 n - an uncursed ring of stealth {unknown}
 y - the ring of Onebusamn (left branch) {Ice rElec}
   (You found it on level 5 of the Dungeon)

   [ring of ice]

   It enhances your ice magic.
   It makes you vulnerable to fire.
   It protects you from cold.
   It insulates you from electricity.
Wands
 l - a wand of random effects (11)
 o - a wand of disintegration (15)
 q - a wand of digging (9)
Scrolls
 g - 3 scrolls of teleportation {unknown}
 i - a scroll of fear {unknown}
 k - 2 scrolls of remove curse
 t - 2 scrolls of enchant armour
 v - a scroll of fog {unknown}
 w - 2 scrolls of immolation {unknown}
 A - a scroll of amnesia {unknown}
 B - a scroll of identify
Potions
 c - 2 potions of flight
 d - 3 potions of might
 e - a potion of lignification
 f - a potion of mutation {unknown}
 h - 2 potions of cancellation {unknown}
 m - a potion of curing {unknown}
 p - a potion of invisibility {unknown}
 s - a potion of degeneration {unknown}
 u - 2 potions of ambrosia
 x - a potion of heal wounds {unknown}
 z - 2 potions of attraction {unknown}


   Skills:
 + Level 3.5 Fighting
 + Level 3.3 Maces & Flails
 + Level 3.4 Polearms
 + Level 4.6 Dodging
 + Level 1.0 Stealth


You had 6 spell levels left.
You didn't know any spells.
Your spell library was empty.

Dungeon Overview and Level Annotations

Branches:
Dungeon (5/15)             Temple (0/1) D:4

Altars:


Innate Abilities, Weirdness & Mutations

You are too large for most types of armour.
((You have claws for hands.))
Your natural rate of healing is unusually fast.
((You are covered in fur. (AC +1)))
((You have extremely tough skin. (AC +3)))


Message History

Something hits you but does no damage. The scorpion barely misses you.
Something hits you.
* * * LOW HITPOINT WARNING * * *
It was a potion of might.
You feel very mighty all of a sudden.
You feel sick. Something hits you but does no damage.
The orc priest begins to cast a cantrip, but forgets the words!
The scorpion stings you.
* * * LOW HITPOINT WARNING * * *
You are more poisoned.
The scorpion poisons you!
You hear some strange, mumbled words.
A puff of flame appears from out of thin air!
The puff of flame misses you.
It was a potion of lignification.
You turn into a tree.
Your +1 animal skin melds into your body.
Your roots penetrate the ground.
You feel sick. Something hits you.
* * * LOW HITPOINT WARNING * * *
The orc priest hits you with a +2 vorpal mace.
You die...

#..........#.#................
#..........#.#................
#..........#.#................
#............#................
#............#................
#.#.####.....#.####'#.........
..#. ##.....#.####.#.........
..............#.........
#.###{♣.###..##########
#s{o.##..# #.Z...#..#
#.###.#..# #....[#:#.#..#
#####.###.#..# ......#..#
..##..## .o ...


You could see a scorpion, an orc priest and a jackal skeleton.

Vanquished Creatures
  Sigmund (D:4)
  The ghost of cada the Vexing, a weakling DgAM (D:3)
  A bullfrog zombie (D:5)
  A hound (D:4)
  A jelly (D:5)
  An orc priest (D:4)
  An orc wizard (D:4)
  A bullfrog skeleton (D:5)
  An iguana (D:4)
  3 worker ants (D:4)
  5 adders
  A white imp (D:5)
  An ooze (D:3)
  2 worms
  6 leopard geckos
  7 orcs
  7 bats
  3 giant cockroaches
  9 hobgoblins
  4 jackals (D:1)
  3 kobolds
  A quokka (D:3)
  6 frilled lizards
  6 goblins
  A leopard gecko skeleton (D:4)
  10 rats
84 creatures vanquished.

Notes
Turn   | Place    | Note
-------+----------+-------------------------------------------
     0 | D:1      | Marvel the Troll Berserker began the quest for the Orb.
     0 | D:1      | Reached XP level 1. HP: 22/22 MP: 0/0
   214 | D:1      | Reached XP level 2. HP: 22/29 MP: 1/1
   552 | D:1      | Reached XP level 3. HP: 36/36 MP: 2/2
   752 | D:2      | Reached skill level 3 in Dodging
   910 | D:2      | Reached ** piety under Trog
  1553 | D:3      | Found a runed translucent door.
  1557 | D:3      | Noticed cada's ghost (weakling DgAM)
  1571 | D:3      | Reached XP level 4. HP: 40/44 MP: 3/3
  2195 | D:3      | Killed cada's ghost
  2196 | D:3      | Reached skill level 1 in Polearms
  2196 | D:3      | Reached XP level 5. HP: 32/53 MP: 4/4
  2266 | D:4      | Found a staircase to the Ecumenical Temple.
  2322 | D:4      | Noticed Sigmund
  2335 | D:4      | Killed Sigmund
  2336 | D:4      | Reached skill level 4 in Dodging
  2336 | D:4      | Reached XP level 6. HP: 45/61 MP: 5/5
  2379 | D:4      | Reached *** piety under Trog
  2883 | D:4      | Reached XP level 7. HP: 50/67 MP: 6/6
  3006 | D:5      | Entered Level 5 of the Dungeon
  3011 | D:5      | Got a heavily runed steel ring
  3014 | D:5      | Identified the ring of Onebusamn {Ice rElec} (You found it
                  | on level 5 of the Dungeon)
  3207 | D:5      | Reached skill level 1 in Stealth
  3214 | D:5      | HP: 1/67 [scorpion (5)]
  3215 | D:5      | Slain by an orc priest

Illustrated notes

Levels and vault maps discovered:
D:1:      dpeg_arrival_rooms_a, layout_loops_ring
D:2:      layout_loops_ring
D:3:      minmay_evil_eye, layout_loops_ring, ebering_ghost_reflecting_pool,
          minmay_misc_feat_enclosed
D:4:      layout_gridville, minmay_temple_entry_tees, uniq_sigmund
D:5:      layout_basic, portal_sewer_entry_e, item_on_display_a

Skill      XL: |  1  2  3  4  5  6  7 |
---------------+----------------------+-----
Maces & Flails | 3 |  3.3
Dodging        | 3 4 |  4.6
Fighting       | 3 |  3.5
Polearms       | 1 2 3 |  3.4
Stealth        | 1 |  1.0

Action                   |  1- 3 |  4- 6 |  7- 9 || total
-------------------------+-------+-------+-------++-------
Melee: Mace              |    70 |       |       ||    70
       Spear             |   116 |   121 |    32 ||   269
Invok: Trog's Hand       |       |       |     1 ||     1
  Use: Scroll            |       |     5 |       ||     5
       Potion            |       |       |     3 ||     3
 Stab: Sleeping          |     2 |       |     1 ||     3
Armor: Animal skin       |    70 |    24 |    14 ||   108
Dodge: Dodged            |   123 |    42 |    19 ||   184
